 Dungeon Crawl Stone Soup version 0.27-a0-448-gace5c5693b (webtiles) character file.

Game seed: 15652326088627393826

4984 wakim the Destroyer (level 10, -15/56 HPs)
             Began as a Deep Elf Conjurer on Feb 27, 2021.
             Was an Elder of Sif Muna.
             Shot with an arrow by a centaur warrior (17 damage)
             ... on level 8 of the Dungeon.
             The game lasted 00:33:43 (10004 turns).

wakim the Destroyer (Deep Elf Conjurer)            Turns: 10004, Time: 00:33:44

Health: -15/56     AC:  6    Str:  7    XL:     10   Next: 29%
Magic:  21/21      EV: 14    Int: 24    God:    Sif Muna [****..]
Gold:   440        SH:  6    Dex: 13    Spells: 10/21 levels left

rFire    . . .     SeeInvis +   k - +2 dagger (protect)
rCold    + . .     Faith    .   f - +0 kite shield
rNeg     . . .     Spirit   .   y - +2 robe {rC+}
rPois    +         Reflect  .   (no helmet)
rElec    .         Harm     .   (no cloak)
rCorr    .         Rampage  .   v - +1 pair of gloves
Will     +....                  (no boots)
Stlth    ++........             (no amulet)
HPRegen  0.18/turn              j - ring of poison resistance
MPRegen  0.17/turn              r - ring of see invisible

@: about to teleport
A: no striking features
a: Renounce Religion, Channel Magic, Forget Spell, Divine Exegesis


You were on level 8 of the Dungeon.
You worshipped Sif Muna.
Sif Muna was greatly pleased with you.
You visited 2 branches of the dungeon, and saw 9 of its levels.

You collected 440 gold pieces.

Inventory:

Hand Weapons
 k - a +2 dagger of protection (weapon)
Missiles
 t - 3 throwing nets
Armour
 f - a +0 kite shield (worn)
 v - a +1 pair of gloves (worn)
 y - a +2 robe of cold resistance (worn)
Jewellery
 j - a ring of poison resistance (left hand)
 r - a ring of see invisible (right hand)
Scrolls
 c - a scroll of teleportation
 h - 3 scrolls of fog
 p - 2 scrolls of immolation
 q - 3 scrolls of blinking
 x - a scroll of enchant armour
Potions
 a - a potion of heal wounds {unknown}
 b - 2 potions of brilliance
 d - 2 potions of berserk rage
 e - 2 potions of cancellation
 g - 2 potions of flight
 m - a potion of resistance {unknown}
 n - a potion of mutation {unknown}
 o - 2 potions of attraction
 s - 6 potions of curing
 w - a potion of ambrosia {unknown}
 z - a potion of might {unknown}


   Skills:
 - Level 4.0 Fighting
 + Level 9.3 Dodging
 - Level 2.4 Stealth
 * Level 0.0 Shields
 + Level 6.1 Spellcasting
 + Level 10.5 Conjurations
 - Level 4.0 Hexes
 - Level 4.0 Translocations
 - Level 6.0 Invocations


You had 10 spell levels left.
You knew the following spells:

 Your Spells              Type           Power        Failure   Level
a - Magic Dart            Conj           100%         1%          1
b - Searing Ray           Conj           100%         1%          2
c - Fulminant Prism       Conj/Hex       21%          28%         4
d - Iskenderun's Mystic   Conj/Tloc      42%          28%         4

Your spell library contained the following spells:

 Spells                   Type           Power        Failure   Level
 Dazzling Flash           Conj/Hex       84%          9%          3


Dungeon Overview and Level Annotations

Branches:
Dungeon (8/15)             Temple (1/1) D:4
   Lair: D:8-11

Altars:
Cheibriados
Dithmenos
Fedhas
Kikubaaqudgha
Nemelex Xobeh
Okawaru
Ru
Sif Muna
Trog
Uskayaw
Xom
Yredelemnul
Zin
The Shining One

Shops:
D:7 (

Annotations:
D:8 4 runed translucent doors


Message History

Aiming: Searing Ray (safe; 1% risk of failure)
Press: ? - help, Shift-Dir - straight line, f - water moccasin
Aim: a water moccasin (28% to evade)
The searing ray hits the water moccasin!
The water moccasin is heavily wounded. (Press . to maintain the ray.)
The water moccasin closely misses you.
The searing ray hits the water moccasin!
The water moccasin is almost dead.
The water moccasin completely misses you.
The water moccasin bites you but does no damage.
The searing ray hits the water moccasin!
You kill the water moccasin!
Sif Muna accepts your kill.
Training target 6.0 for Invocations reached!
Your Invocations skill increases to level 6!
There is an open door here.
Things that are here:
a +0 kite shield; a +0 scale mail; a +2 spear of venom
f - a +0 kite shield The ogre shouts!
Search for what [Enter for "cloak", or ? for help]? shield Unknown command.
You start putting on your armour.
You continue putting on your +0 kite shield. x4
You finish putting on your +0 kite shield.
Magic restored.
A centaur warrior is nearby!
The centaur warrior shoots an arrow.
The arrow closely misses you.
The centaur warrior shoots an arrow.
The arrow hits you!
The centaur warrior shoots an arrow.
The arrow hits you.
The centaur warrior shoots an arrow.
The arrow hits you!!
* * * LOW HITPOINT WARNING * * *
Okay, then.
As you read the scroll of teleportation, it crumbles to dust.
You feel strangely unstable.
The centaur warrior shoots an arrow.
The arrow hits you!
* * * LOW HITPOINT WARNING * * *
The centaur warrior shoots an arrow.
The arrow hits you!
You die...

,*............###+* #'###....[
**.....c.....#*,*,*****#.†g##....
,**#.......#.#,*,**,**,##.#.#....
,,,#.......'.#,***,,**,*.##,#.#..
,,,#.......#.#,*,,****,##,*,#....
,,,#.......#.#,*,**,**,,***,#....
,,,#.......#.##,,,,####,,,,##.#..
,,,#......c#..######..######..#..
***#............@............##..
#########........##########**#
##########


You could see a centaur warrior.

Vanquished Creatures
  Pikel (D:5)
  Psyche (D:8)
  Sigmund (D:6)
  Eustachio (D:5)
  2 water moccasins
  2 ice beasts
  2 sky beasts
  2 orc warriors
  3 ogres
  4 centaurs
  3 lemures
  A kobold brigand (D:7)
  3 bullfrogs
  A gnoll sergeant (D:8)
  9 wights
  10 killer bees
  3 howler monkeys
  A quasit (D:8)
  5 hounds
  A gnoll shaman (D:6)
  4 orc priests
  Ijyb (D:5)
  A jelly (D:4)
  2 bullfrog skeletons
  6 iguanas
  2 centaur skeletons
  5 orc wizards
  10 worker ants
  A hound zombie (D:8)
  12 gnolls
  12 adders
  A white imp (D:6)
  2 ufetubi
  An ooze (D:7)
  An adder zombie (D:8)
  An adder skeleton (D:7)
  2 worms
  4 dart slugs
  4 leopard geckos
  28 orcs
  2 ball pythons
  6 giant cockroaches
  9 goblins
  4 hobgoblins
  20 jackals
  3 quokkas
  5 bats
  6 frilled lizards
  12 kobolds
  A quokka zombie (D:8)
  6 rats
230 creatures vanquished.

Vanquished Creatures (others)
  11 fulminant prisms
11 creatures vanquished.

Grand Total: 241 creatures vanquished

Notes
Turn   | Place    | Note
-------+----------+-------------------------------------------
     0 | D:1      | wakim the Deep Elf Conjurer began the quest for the Orb.
     0 | D:1      | Reached XP level 1. HP: 10/10 MP: 6/6
   132 | D:1      | Reached XP level 2. HP: 15/15 MP: 2/8
   198 | D:1      | Learned a level 2 spell: Searing Ray
   426 | D:1      | Reached skill level 5 in Conjurations
   866 | D:1      | Reached XP level 3. HP: 19/19 MP: 8/10
  1036 | D:2      | Found a basalt altar of Yredelemnul.
  1171 | D:2      | Found a bloodstained altar of Trog.
  1173 | D:2      | Found a snail-covered altar of Cheibriados.
  1342 | D:2      | Reached XP level 4. HP: 24/24 MP: 9/12
  1392 | D:2      | Learned a level 4 spell: Fulminant Prism
  1397 | D:2      | Learned a level 4 spell: Iskenderun's Mystic Blast
  1576 | D:2      | Found a faded altar of an unknown god.
  1895 | D:2      | Found a shimmering blue altar of Sif Muna.
  1925 | D:2      | Became a worshipper of Sif Muna the Loreminder
  2143 | D:3      | Reached skill level 6 in Conjurations
  2358 | D:3      | Reached XP level 5. HP: 28/28 MP: 8/13
  2358 | D:3      | Reached * piety under Sif Muna
  2769 | D:4      | Found a shadowy altar of Dithmenos.
  2780 | D:4      | Reached skill level 1 in Translocations
  2943 | D:4      | Noticed an ogre
  2948 | D:4      | Killed an ogre
  2949 | D:4      | Reached skill level 5 in Spellcasting
  2949 | D:4      | Reached XP level 6. HP: 32/32 MP: 9/15
  3540 | D:4      | Found a staircase to the Ecumenical Temple.
  3548 | Temple   | Entered the Ecumenical Temple
  3585 | D:4      | Found a blossoming altar of Fedhas.
  3835 | D:5      | Entered Level 5 of the Dungeon
  3835 | D:5      | Noticed Pikel
  3984 | D:4      | Reached XP level 7. HP: 12/36 MP: 10/16
  4206 | D:4      | Reached skill level 7 in Conjurations
  4245 | D:4      | Reached ** piety under Sif Muna
  4411 | D:5      | You fall into a shaft and drop 1 floor!
  4508 | D:5      | Reached skill level 5 in Dodging
  4624 | D:5      | Noticed Eustachio
  4636 | D:5      | Killed Eustachio
  4637 | D:5      | Reached skill level 8 in Conjurations
  4637 | D:5      | Reached XP level 8. HP: 29/41 MP: 3/17
  4702 | D:5      | Killed Pikel
  5028 | D:5      | Reached skill level 9 in Conjurations
  5156 | D:5      | Found a glowing golden altar of the Shining One.
  5219 | D:5      | Noticed Ijyb
  5230 | D:5      | Killed Ijyb
  5419 | D:6      | Reached skill level 1 in Fighting
  5419 | D:6      | Reached skill level 1 in Hexes
  5419 | D:6      | Noticed Sigmund
  5548 | D:6      | Killed Sigmund
  6060 | D:6      | Noticed a +0 dagger
  6060 | D:6      | Noticed a +0 hand axe
  6159 | D:6      | Reached XP level 9. HP: 49/49 MP: 10/18
  6379 | D:6      | Found a hide-covered altar of Uskayaw.
  6595 | D:6      | Found an ancient bone altar of Kikubaaqudgha.
  6595 | D:6      | Found a faded altar of an unknown god.
  6602 | D:6      | Found a faded altar of an unknown god.
  6604 | D:6      | Found a glowing silver altar of Zin.
  6606 | D:6      | Found a shimmering altar of Xom.
  7125 | D:7      | Found Oravvu Pec's Weapon Emporium.
  7332 | D:7      | Reached *** piety under Sif Muna
  7354 | D:7      | Reached skill level 1 in Invocations
  7790 | D:7      | Found a sparkling altar of Nemelex Xobeh.
  7871 | D:7      | Reached skill level 10 in Conjurations
  8619 | D:8      | Reached **** piety under Sif Muna
  8739 | D:8      | Noticed Psyche
  8746 | D:8      | Killed Psyche
  8747 | D:8      | Reached XP level 10. HP: 56/56 MP: 9/20
  8914 | D:8      | Found a large runed translucent door.
  8914 | D:8      | Found a large runed translucent door.
  8918 | D:8      | Reached skill level 5 in Invocations
  8962 | D:8      | Found a large runed translucent door.
  8962 | D:8      | Found a large runed translucent door.
  9143 | D:8      | Noticed a centaur warrior
 10004 | D:8      | HP: 2/56 [centaur warrior/arrow (8)]
 10004 | D:8      | Shot with an arrow by a centaur warrior

Illustrated notes

Levels and vault maps discovered:
D:1:      saegor_arrival_simple_e, layout_basic
D:2:      layout_basic, bloody_trog, marbit_many_paths,
          nicolae_overflow_crystal_walls, chequers_ecumenical_altar_grove,
          cheibriados_altar_1
D:3:      layout_loops_ring
D:4:      layout_loops_cross, kennysheep_mini_moat, kennysheep_mini,
          minmay_temple_entry_purple_smoke, nicolae_underground_beach
D:5:      layout_rooms, lemuel_round_altar, uniq_ijyb, uniq_eustachio,
          uniq_pikel
D:6:      layout_basic, chequers_temple_overflow_minitemple,
          dancing_weapons_uskayaw, uniq_sigmund
D:7:      layout_basic, serial_shops, shop, nemelex_dance_club_becter
D:8:      layout_gridville, minmay_hollow_rounded_squares, uniq_psyche
Temple:   chequers_temple_sunken

Skill      XL: |  1  2  3  4  5  6  7  8  9 10 |
---------------+-------------------------------+-----
Conjurations   | 5 6 8 9 10 | 10.5
Spellcasting   | 4 5 6 |  6.1
Dodging        | 3 4 6 8 9 |  9.3
Translocations | 2 3 4 |  4.0
Fighting       | 2 4 |  4.0
Hexes          | 2 4 |  4.0
Invocations    | 4 6 |  6.0
Stealth        | |  2.4

Action                   |  1- 3 |  4- 6 |  7- 9 | 10-12 || total
-------------------------+-------+-------+-------+-------++-------
Melee: Unarmed           |     1 |       |       |       ||     1
       Dagger            |       |     2 |     3 |       ||     5
 Cast: Magic Dart        |    63 |    68 |    46 |     5 ||   182
       Searing Ray       |     2 |    20 |    75 |    27 ||   124
       Iskenderun's Myst |       |     1 |     5 |     4 ||    10
       Fulminant Prism   |       |       |     9 |     2 ||    11
Invok: Channel Magic     |       |       |     1 |     1 ||     2
  Use: Scroll            |       |     4 |    10 |     4 ||    18
Armor: Robe              |     3 |     1 |     7 |    10 ||    21
Dodge: Dodged            |    11 |    15 |    53 |    33 ||   112

Table legend: (Time is in decaauts)
 A = Elapsed time spent in this place.
 B = Non-inter-level travel time spent in this place.
 C = Inter-level travel time spent in this place.
 D = Time resting spent in this place.
 E = Time spent auto-exploring this place.
 F = Levels seen in this place.
 G = Mean time per level.
                   A        B        C        D        E       F      G
               +--------+--------+--------+--------+--------+-----+--------+
         Total |  10018 |   9538 |    480 |   3951 |   4184 |   9 | 1113.1 |
       Dungeon |  10016 |   9536 |    480 |   3951 |   4184 |   8 | 1252.0 |
        Temple |      1 |      1 |      0 |      0 |      0 |   1 |    1.0 |
               +--------+--------+--------+--------+--------+-----+--------+

Top non-repeatable levels by time:
     D:7: 1639 daAuts
     D:4: 1580 daAuts
     D:5: 1470 daAuts
     D:8: 1322 daAuts
     D:6: 1255 daAuts
     D:1: 1029 daAuts
     D:2: 970 daAuts
     D:3: 747 daAuts
  Temple: 1 daAuts
